 Dungeon Crawl Stone Soup version 0.24.0-125-gc4c63601f3 (webtiles) character file.

Game seed: 3384911622152094366, levelgen mode: deterministic

107 Esekla the Slasher (level 4, -3/41 HPs)
             Began as a Gnoll Chaos Knight on Feb 21, 2020.
             Was a Plaything of Xom.
             Slain by a hornet (4 damage)
             ... in a sewer.
             The game lasted 00:10:35 (1358 turns).

Esekla the Slasher (Gnoll Chaos Knight)             Turns: 1358, Time: 00:10:35

Health: -3/41      AC:  5    Str: 20    XL:     4   Next: 85%
Magic:  5/5        EV: 18    Int: 15    God:    Xom [......]
Gold:   11         SH:  0    Dex: 19    Spells: 5/5 levels left

rFire    . . .     SeeInvis .   a - +0 falchion (chaos)
rCold    . . .     Gourm    .   (no shield)
rNeg     . . .     Faith    .   b - +2 leather armour
rPois    .         Spirit   .   (no helmet)
rElec    .         Reflect  .   (no cloak)
rCorr    .         Harm     .   (no gloves)
MR       .....                  (no boots)
Stlth    +++.......             (no amulet)
HPRegen  0.13/turn              (no ring)
MPRegen  0.09/turn              (no ring)

@: mighty, agile, lethally poisoned (-3 -> -32), slowed, very slow
A: distributed training, fangs 1, strong nose
a: Renounce Religion


You were in a sewer.
You worshipped Xom.
You were a very special plaything of Xom.
You were hungry.

You visited 1 branch of the dungeon, and saw 3 of its levels.
You also visited: Sewer.

You collected 11 gold pieces.

Inventory:

Hand Weapons
 a - a +0 falchion of chaos (weapon)
Missiles
 j - 4 poisoned darts (quivered)
Armour
 b - a +2 leather armour (worn)
Scrolls
 d - a scroll of amnesia
 e - a scroll of immolation {unknown}
 h - a scroll of fear {unknown}
 l - 3 scrolls of teleportation
Potions
 f - a potion of agility
 g - a potion of haste
 m - a potion of flight {unknown}
 n - a potion of magic {unknown}
 o - 2 potions of might
Comestibles
 c - 4 rations


   Skills:
 + Level 6.6 Fighting
 + Level 1.2 Short Blades
 + Level 6.6 Long Blades
 + Level 1.2 Axes
 + Level 1.2 Maces & Flails
 + Level 1.2 Polearms
 + Level 1.2 Staves
 + Level 1.2 Slings
 + Level 1.2 Bows
 + Level 1.2 Crossbows
 + Level 1.2 Throwing
 + Level 4.7 Armour
 + Level 2.8 Dodging
 + Level 1.2 Stealth
 + Level 1.2 Shields
 + Level 1.2 Unarmed Combat
 + Level 1.2 Spellcasting
 + Level 1.0 Conjurations
 + Level 1.0 Hexes
 + Level 1.0 Charms
 + Level 1.0 Summonings
 + Level 1.0 Necromancy
 + Level 1.0 Translocations
 + Level 1.0 Transmutations
 + Level 1.0 Fire Magic
 + Level 1.0 Ice Magic
 + Level 1.0 Air Magic
 + Level 1.0 Earth Magic
 + Level 1.0 Poison Magic
 + Level 1.3 Invocations
 + Level 1.2 Evocations


You had 5 spell levels left.
You didn't know any spells.
Your spell library was empty.

Dungeon Overview and Level Annotations

Branches:
Dungeon (3/15)              Sewer (1/1)

Altars:
Xom
Yredelemnul


Innate Abilities, Weirdness & Mutations

Your experience applies equally to all skills.
You have very sharp teeth.
Your uncanny sense of smell can sniff out nearby items.


Message History

You feel sick. The hornet stings you!
You are lethally poisoned!
You feel as though you will be slow longer.
The hornet stings you.
You are more poisoned.
You feel as though you will be slow longer.
You feel very sick. The hornet stings you.
You feel as though you will be slow longer.
You can move again.
You closely miss the hornet.
The hornet is severely wounded.
* * * LOW HITPOINT WARNING * * *
You feel very sick. The hornet stings you!
* * * LOW HITPOINT WARNING * * *
You feel as though you will be slow longer.
The hornet stings you.
You die...
Xom laughs nastily!

##≈.≈## ##.≈≈### ##
#.....####≈...≈##≈##
#...≈.≈≈≈≈≈≈..≈≈≈≈≈≈
#≈..≈≈####≈.≈..#####
##...## ##...## #
##(## ##≈## #(# #≈#
#.# #≈# #@# ##≈##
#y# ##...## # ().
#.≈..≈##### ..≈?≈
#.≈..≈≈≈≈≈÷ #....##
#≈....##### ######
##...## # #####


You could see a hornet.

Vanquished Creatures
  Natasha (D:2)
  An adder (Sewer)
  2 river rats (Sewer)
  An ooze (D:2)
  4 worms
  5 leopard geckos
  An orc (D:3)
  3 bats (D:2)
  A giant cockroach (D:3)
  3 hobgoblins
  A quokka (D:2)
  A ball python (Sewer)
  5 kobolds
  8 rats
37 creatures vanquished.

Notes
Turn   | Place    | Note
-------+----------+-------------------------------------------
     0 | D:1      | Esekla the Gnoll Chaos Knight began the quest for the Orb.
     0 | D:1      | Reached XP level 1. HP: 23/23 MP: 1/1
    31 | D:1      | XOM: harmless Chrm miscast
   180 | D:2      | Reached XP level 2. HP: 29/29 MP: 2/2
   275 | D:2      | XOM: silly message
   358 | D:2      | XOM: harmless Chrm miscast
   385 | D:2      | Noticed Natasha
   517 | D:2      | XOM: potion effect (might)
   520 | D:2      | Killed Natasha
   520 | D:2      | Reached skill level 1 in Invocations
   520 | D:2      | Reached XP level 3. HP: 35/35 MP: 2/4
   564 | D:3      | Found a shimmering altar of Xom.
   594 | D:3      | Found a basalt altar of Yredelemnul.
   624 | D:3      | Found a glowing drain.
   633 | D:3      | Reached skill level 1 in Short Blades
   633 | D:3      | Reached skill level 1 in Axes
   633 | D:3      | Reached skill level 1 in Maces & Flails
   633 | D:3      | Reached skill level 1 in Polearms
   633 | D:3      | Reached skill level 1 in Staves
   633 | D:3      | Reached skill level 1 in Slings
   633 | D:3      | Reached skill level 1 in Bows
   633 | D:3      | Reached skill level 1 in Crossbows
   633 | D:3      | Reached skill level 1 in Throwing
   633 | D:3      | Reached skill level 1 in Stealth
   633 | D:3      | Reached skill level 1 in Shields
   633 | D:3      | Reached skill level 1 in Unarmed Combat
   633 | D:3      | Reached skill level 1 in Spellcasting
   633 | D:3      | Reached skill level 1 in Evocations
   656 | D:3      | Reached XP level 4. HP: 34/41 MP: 5/5
   666 | Sewer    | Entered a sewer
   740 | Sewer    | XOM: silly message
   877 | Sewer    | XOM: mild Ice miscast
  1062 | Sewer    | XOM: harmless Tmut miscast
  1208 | Sewer    | Reached skill level 1 in Conjurations
  1208 | Sewer    | Reached skill level 1 in Hexes
  1208 | Sewer    | Reached skill level 1 in Charms
  1208 | Sewer    | Reached skill level 1 in Summonings
  1208 | Sewer    | Reached skill level 1 in Necromancy
  1208 | Sewer    | Reached skill level 1 in Translocations
  1208 | Sewer    | Reached skill level 1 in Transmutations
  1208 | Sewer    | Reached skill level 1 in Fire Magic
  1208 | Sewer    | Reached skill level 1 in Ice Magic
  1208 | Sewer    | Reached skill level 1 in Air Magic
  1208 | Sewer    | Reached skill level 1 in Earth Magic
  1208 | Sewer    | Reached skill level 1 in Poison Magic
  1314 | Sewer    | XOM: noise
  1343 | Sewer    | Noticed a big kobold
  1351 | Sewer    | Noticed a hornet
  1351 | Sewer    | a big kobold changed into a hornet
  1351 | Sewer    | XOM: polymorph big kobold -> hornet
  1355 | Sewer    | Paralysed by a hornet for 3 turns
  1358 | Sewer    | HP: 1/41 [hornet (11)]
  1358 | Sewer    | Slain by a hornet

Levels and vault maps discovered:
D:1:      nzn_arrival_depleted_hourglass, layout_basic
D:2:      layout_basic, uniq_natasha
D:3:      lemuel_upstairs_altar, layout_basic, overflow_temple_1_default,
          portal_sewer_entry_f, xom_redecorated
Sewer:    sewer_co_15_rooms

Skill      XL: |  1  2  3  4 |
---------------+-------------+-----
Invocations    | 1 |  1.3
Short Blades   | 1 |  1.2
Axes           | 1 |  1.2
Maces & Flails | 1 |  1.2
Polearms       | 1 |  1.2
Staves         | 1 |  1.2
Slings         | 1 |  1.2
Bows           | 1 |  1.2
Crossbows      | 1 |  1.2
Throwing       | 1 |  1.2
Stealth        | 1 |  1.2
Shields        | 1 |  1.2
Unarmed Combat | 1 |  1.2
Spellcasting   | 1 |  1.2
Evocations     | 1 |  1.2
Conjurations   | 1 |  1.0
Hexes          | 1 |  1.0
Charms         | 1 |  1.0
Summonings     | 1 |  1.0
Necromancy     | 1 |  1.0
Translocations | 1 |  1.0
Transmutations | 1 |  1.0
Fire Magic     | 1 |  1.0
Ice Magic      | 1 |  1.0
Air Magic      | 1 |  1.0
Earth Magic    | 1 |  1.0
Poison Magic   | 1 |  1.0
Fighting       | |  6.6
Long Blades    | |  6.6
Armour         | |  4.7
Dodging        | |  2.8

Action                   |  1- 3 |  4- 6 || total
-------------------------+-------+-------++-------
Melee: Falchion          |    52 |    49 ||   101
       Bite              |     3 |     6 ||     9
       Punch             |       |     1 ||     1
Throw: Dart              |     4 |    27 ||    31
  Use: Scroll            |     2 |     5 ||     7
       Potion            |     1 |     2 ||     3
 Stab: Sleeping          |     3 |       ||     3
  Eat: Chunk             |       |     1 ||     1
Armor: Leather armour    |    14 |     8 ||    22
Dodge: Dodged            |    28 |    23 ||    51
       Rpst.: Falchion   |     7 |    10 ||    17
